 Dungeon Crawl Stone Soup version 0.29.1-14-g9c671dbff4 (webtiles) character file.

Game seed: 13618432878920307034

152 growler the Insei (level 5, 0/40 HPs)
             Began as a Draconian Transmuter on Feb 19, 2023.
             Slain by a black bear (1 damage)
             ... on level 4 of the Dungeon.
             The game lasted 00:09:19 (3753 turns).

growler the Insei (Draconian Transmuter)            Turns: 3753, Time: 00:09:20

Health: 0/40       AC:  5    Str: 11 (12) XL:     5   Next: 11%
Magic:  9/9        EV: 12    Int: 12 (15) God:
Gold:   156        SH:  0    Dex: 10 (12) Spells: 4/10 levels left

rFire   . . .      SeeInvis .     - Unarmed
rCold   . . .      Faith    .   (no shield)
rNeg    . . .      Spirit   .   (body armour unavailable)
rPois   .          Reflect  .   (helmet restricted)
rElec   .          Harm     .   (no cloak)
rCorr   .          Rampage  .   (no gloves)
Will    .....                   (no boots)
Stlth   ..........              g - amulet of the acrobat
HPRegen 0.13/turn               (no ring)
MPRegen 0.11/turn               (no ring)

@: silenced, attractive
A: AC +5, unfitting armour, cold-blooded
a: no special abilities


You were on level 4 of the Dungeon.
You visited 1 branch of the dungeon, and saw 4 of its levels.

You collected 156 gold pieces.

Inventory:

Hand Weapons
 i - a +0 sling
Missiles
 p - 2 throwing nets
Jewellery
 g - an amulet of the acrobat (around neck)
 r - an amulet of guardian spirit
Scrolls
 a - a scroll of poison {unknown}
 e - a scroll of identify
 h - a scroll of magic mapping
 m - a scroll of immolation {unknown}
 o - a scroll of vulnerability {unknown}
 q - a scroll of teleportation {unknown}
Potions
 b - 2 potions of heal wounds {unknown}
 c - a potion of attraction
 j - 2 potions of haste {unknown}
 k - a potion of degeneration
 l - a potion of magic {unknown}
 n - a potion of invisibility {unknown}


   Skills:
 - Level 1.1 Fighting
 - Level 1.7 Dodging
 + Level 4.2 Unarmed Combat
 - Level 3.0 Spellcasting
 + Level 3.6 Transmutations


You had 4 spell levels left.
You knew the following spells:

 Your Spells              Type           Power      Damage    Failure   Level
a - Beastly Appendage     Tmut           20%        N/A       5%          1
b - Wereblood             Tmut           10%        N/A       9%          2
c - Spider Form           Tmut/Pois      6%         N/A       34%         3

Your spell library contained the following spells:

 Spells                   Type           Power      Damage    Failure   Level
 Sublimation of Blood     Necr           1%         N/A       36%         2
 Inner Flame              Hex/Fire       1%         N/A       58%         3
 Ice Form                 Ice/Tmut       6%         N/A       75%         4
 Cause Fear               Hex            0%         N/A       94%         4
 Summon Hydra             Summ           0%         N/A       100%        7
 Discord                  Hex            0%         N/A       100%        8


Dungeon Overview and Level Annotations

Branches:
Dungeon (4/15)
 Temple: D:4-7

Altars:
Trog
Vehumet


Innate Abilities, Weirdness & Mutations

Your plain brown scales are hard. (AC +5)
You cannot fit into any form of body armour.
You are cold-blooded and may be slowed by cold attacks.


Message History

You closely miss the black bear.
The black bear is severely wounded.
The black bear bites you!
* * * LOW HITPOINT WARNING * * *
The black bear claws you but does no damage.
The black bear misses you. The gnoll hits you with a +0 whip.
* * * LOW HITPOINT WARNING * * *
Okay, then.
You feel better. The black bear bites you.
The black bear claws you but does no damage.
The black bear claws you. The gnoll closely misses you.
You hit the black bear but do no damage.
The black bear is severely wounded.
The black bear goes berserk!
The gnoll closely misses you.
It was a potion of attraction.
You feel attractive to monsters. The black bear bites you.
* * * LOW HITPOINT WARNING * * *
The black bear claws you.
* * * LOW HITPOINT WARNING * * *
The black bear claws you but does no damage.
The gnoll barely misses you. The gnoll is attracted toward you.
You barely miss the black bear.
The black bear is severely wounded.
The black bear barely misses you. x2
The black bear claws you but does no damage.
The black bear bites you but does no damage.
The black bear claws you.
* * * LOW HITPOINT WARNING * * *
The black bear claws you but does no damage.
The gnoll closely misses you.
It was a potion of degeneration.
There was something very wrong with that liquid.
You feel weakened.
You feel dopey.
You feel clumsy.
The black bear bites you but does no damage.
The black bear claws you.
* * * LOW HITPOINT WARNING * * *
The black bear claws you.
You die...

*,* #.# #.# ##### #.# #.... #.#
#.### #.# #.##. #.# ########
#.##.
#####.###########......####.##.
#.........§gwg@h............>#.
###.###.###########......####..#.
....# #.# #......# #..#.
.######.# #......# #..#.
~g......# #......# #..#.
w######## #......# #..#.
~..#************* ######## #..#.
~#.#*,,,,,,,,,,,* #..#.
##..#,,,,,,,,,,,* *,,#.


You could see a black bear (berserk), 2 gnolls and a dart slug.

Vanquished Creatures
  A howler monkey (D:4)
  An orc priest (D:3)
  An adder (D:2)
  A worm (D:3)
  2 dart slugs
  5 orcs (D:3)
  10 ball pythons
  4 bats
  4 endoplasms
  A giant cockroach (D:1)
  4 hobgoblins
  7 jackals (D:2)
  9 kobolds
  3 quokkas
  2 frilled lizards
  2 goblins
  6 rats
63 creatures vanquished.

Vanquished Creatures (others)
  5 withered plants (D:4)
5 creatures vanquished.

Grand Total: 68 creatures vanquished

Notes
Turn   | Place    | Note
-------+----------+-------------------------------------------
     0 | D:1      | growler the Draconian Transmuter began the quest for the
                  | Orb.
     0 | D:1      | Reached XP level 1. HP: 16/16 MP: 3/3
   266 | D:1      | Reached XP level 2. HP: 16/23 MP: 5/5
  1030 | D:2      | Learned a level 2 spell: Wereblood
  1286 | D:2      | Reached XP level 3. HP: 27/28 MP: 4/6
  1290 | D:2      | Learned a level 3 spell: Spider Form
  1748 | D:2      | Found a faded altar of an unknown god.
  2209 | D:3      | Found a bloodstained altar of Trog.
  2676 | D:3      | Reached XP level 4. HP: 26/35 MP: 6/8
  2896 | D:3      | Found a radiant altar of Vehumet.
  3305 | D:4      | Reached skill level 4 in Unarmed Combat
  3382 | D:4      | Noticed a black bear
  3448 | D:4      | Reached XP level 5. HP: 26/40 MP: 6/9
  3753 | D:4      | HP: 1/40 [black bear (2)]
  3753 | D:4      | Slain by a black bear

Illustrated notes

Levels and vault maps discovered:
D:1:      minmay_arrival_up_and_down, layout_loops_cross
D:2:      layout_basic, dreamdust_ecumenical_altar_hidden_monk_grotto
D:3:      layout_basic, trog_hazing_becter, mainiacjoe_overflow_alcove_1
D:4:      layout_basic, gammafunk_ghost_cemetery, minmay_manual_mullet,
          uniq_ijyb

Skill      XL: |  1  2  3  4 |
---------------+-------------+-----
Transmutations | 3 |  3.6
Spellcasting   | 3 |  3.0
Unarmed Combat | 4 |  4.2
Fighting       | |  1.1
Dodging        | |  1.7

Action                   |  1- 3 |  4- 6 || total
-------------------------+-------+-------++-------
Melee: Unarmed           |   166 |    57 ||   223
       Tailslap          |    15 |     6 ||    21
       Kick              |     5 |     1 ||     6
       Headbutt          |     4 |     1 ||     5
       Punch             |     3 |     1 ||     4
 Fire: Sling             |       |     2 ||     2
 Cast: Beastly Appendage |     5 |     1 ||     6
       Wereblood         |     1 |     1 ||     2
  Use: Potion            |     1 |     3 ||     4
       Scroll            |       |     3 ||     3
 Stab: Sleeping          |     2 |       ||     2
Armor: Skin              |    49 |    29 ||    78
Dodge: Dodged            |   127 |    53 ||   180
